 Dungeon Crawl Stone Soup version 0.26.0-91-g99b343417d (webtiles) character file.

Game seed: 8540536509645971456

93 PentaManta the Ruffian (level 4, -16/44 HPs)
             Began as a Troll Abyssal Knight on Feb 3, 2021.
             Was a Believer of Lugonu.
             Demolished by an ogre
             ... wielding a +0 giant spiked club
              (33 damage)
             ... on level 3 of the Dungeon.
             The game lasted 00:03:05 (1552 turns).

PentaManta the Ruffian (Troll Abyssal Knight)       Turns: 1552, Time: 00:03:05

Health: -16/44     AC:  6    Str: 21    XL:     4   Next: 36%
Magic:  4/4        EV:  7    Int:  8    God:    Lugonu [**....]
Gold:   108        SH:  8    Dex:  9    Spells: 3/3 levels left

rFire    . . .     SeeInvis .     - Unarmed
rCold    + . .     Faith    .   i - +1 kite shield
rNeg     . . .     Spirit   .   a - +0 robe
rPois    .         Reflect  .   (helmet restricted)
rElec    .         Harm     .   e - scarf {repulsion}
rCorr    .         Rampage  .   (gloves unavailable)
Will     .....                  (boots unavailable)
Stlth    +.........             (no amulet)
HPRegen  0.54/turn              j - ring of protection from cold
MPRegen  0.09/turn              (no ring)

@: repel missiles
A: large, unfitting armour, claws 3, regeneration 1, shaggy fur 1, tough skin 3
a: Renounce Religion, Depart the Abyss, Bend Space


You were on level 3 of the Dungeon.
You worshipped Lugonu.
Lugonu was pleased with you.
You visited 1 branch of the dungeon, and saw 3 of its levels.
You visited the Abyss 1 time.

You collected 108 gold pieces.

Inventory:

Hand Weapons
 f - a +0 hunting sling
Missiles
 g - 81 stones
 h - 26 poisoned darts
Armour
 a - a +0 robe (worn)
 e - a scarf of repulsion (worn)
 i - a +1 kite shield (worn)
Jewellery
 j - a ring of protection from cold (left claw)
Scrolls
 b - a scroll of fog
 c - 5 scrolls of teleportation
 d - a scroll of enchant armour
Potions
 k - 2 potions of heal wounds {unknown}


   Skills:
 - Level 2.4 Fighting
 - Level 1.9 Dodging
 + Level 4.7 Unarmed Combat
 - Level 1.5 Invocations


You had 3 spell levels left.
You didn't know any spells.
Your spell library contained the following spells:

 Spells                   Type           Power        Failure   Level
 Static Discharge         Conj/Air       0%           100%        3
 Lightning Bolt           Conj/Air       0%           100%        5
 Ignition                 Fire           0%           100%        8
 Shatter                  Erth           0%           100%        9
 Tornado                  Air            0%           100%        9


Dungeon Overview and Level Annotations

Branches:
Dungeon (3/15)

Altars:
Dithmenos

Annotations:
D:1 exclusion: downstairs


Innate Abilities, Weirdness & Mutations

You are too large for most types of armour.
You have claws for hands.
Your natural rate of healing is unusually fast.
You are covered in fur. (AC +1)
You have extremely tough skin. (AC +3)


Message History

There are monsters nearby!
The hobgoblin hits you but does no damage.
An adder comes into view.
The adder hisses angrily.
The ogre hits you with a +0 giant spiked club!!
You block the ogre's attack. The adder barely misses you.
You claw the adder!
You kill the adder!
Lugonu accepts your kill.
The ogre hits you with a +0 giant spiked club!!
* * * LOW HITPOINT WARNING * * *
A goblin comes into view. It is wielding a +0 club.
The goblin shouts!
You mangle the goblin!!
You kill the goblin!
Lugonu accepts your kill.
The ogre hits you with a +0 giant spiked club!!
Ouch! That really hurt!
You die...

.......
.......
.......
.......
.......
##.......
#.)......
#@# #O# #.#
#g#
#.#########
#....g....#
#########.#
#....<..#
#.###...#


You could see an ogre and a hobgoblin.

Vanquished Creatures
  A worker ant (D:2)
  An adder (D:3)
  2 worms (D:2)
  2 dart slugs
  2 leopard geckos
  6 giant cockroaches
  4 goblins
  7 hobgoblins
  8 kobolds
  7 bats
  7 frilled lizards
  3 rats (D:1)
50 creatures vanquished.

Notes
Turn   | Place    | Note
-------+----------+-------------------------------------------
     0 | Abyss:1  | PentaManta the Troll Abyssal Knight began the quest for the
                  | Orb.
     0 | Abyss:1  | Reached XP level 1. HP: 22/22 MP: 1/1
    58 | Abyss:2  | Found a corrupted altar of Lugonu.
    80 | D:1      | Escaped the Abyss
   177 | D:1      | Reached * piety under Lugonu
   178 | D:1      | Reached XP level 2. HP: 28/29 MP: 2/2
   273 | D:1      | Reached skill level 3 in Unarmed Combat
   470 | D:1      | Reached XP level 3. HP: 22/36 MP: 3/3
   577 | D:2      | Found a shadowy altar of Dithmenos.
   745 | D:2      | Reached ** piety under Lugonu
  1003 | D:2      | Reached skill level 4 in Unarmed Combat
  1003 | D:2      | Reached XP level 4. HP: 43/44 MP: 4/4
  1533 | D:3      | Noticed an ogre
  1552 | D:3      | Demolished by an ogre

Illustrated notes

Levels and vault maps discovered:
D:1:      lemuel_arrival_lava_pool, layout_rooms, minmay_cut_off
D:2:      layout_loops_corners, nicolae_dithmenos_shadow_blocks
D:3:      layout_basic, ebering_dispersal_statue_hall

Skill      XL: |  1  2  3 |
---------------+----------+-----
Unarmed Combat | 3 4 |  4.7
Fighting       | |  2.4
Dodging        | |  1.9
Invocations    | |  1.5

Action                   |  1- 3 |  4- 6 || total
-------------------------+-------+-------++-------
Melee: Unarmed           |   126 |    19 ||   145
Invok: Depart the Abyss  |     1 |       ||     1
  Use: Scroll            |     5 |       ||     5
Armor: Robe              |    81 |     4 ||    85
Dodge: Dodged            |    77 |     3 ||    80
Block: Kite shield       |    20 |     5 ||    25
